 Dungeon Crawl Stone Soup version 0.28.0-53-g5a82cb258f (webtiles) character file.

Game seed: 11070903164181014768

61 Legadrian the Skirmisher (level 4, 0/30 HPs)
             Began as a Gargoyle Fighter on July 7, 2022.
             Slain by Crazy Yiuf
             ... wielding a +2 quarterstaff of chaos
              (4 damage)
             ... on level 3 of the Dungeon.
             The game lasted 00:04:16 (1927 turns).

Legadrian the Skirmisher (Gargoyle Fighter)         Turns: 1927, Time: 00:04:16

Health: 0/30       AC: 10    Str: 22    XL:     4   Next: 7%
Magic:  4/4        EV:  9    Int:  8    God:
Gold:   130        SH:  4    Dex:  9    Spells: 3/3 levels left

rFire   . . .      SeeInvis .   e - +1 dagger (vamp)
rCold   . . .      Faith    .   c - +0 buckler
rNeg    + . .      Spirit   .   b - +0 scale mail
rPois   ∞          Reflect  .   (no helmet)
rElec   +          Harm     .   (no cloak)
rCorr   .          Rampage  .   (no gloves)
Will    .....                   (no boots)
Stlth   ..........              (no amulet)
HPRegen 0.10/turn               (no ring)
MPRegen 0.09/turn               (no ring)

@: no status effects
A: sickness immunity, AC +3, negative energy resistance 1, electricity
resistance, torment resistance 1, petrification resistance
a: no special abilities


You were on level 3 of the Dungeon.
You visited 1 branch of the dungeon, and saw 3 of its levels.

You collected 130 gold pieces.

Inventory:

Hand Weapons
 a - a +0 flail
 e - a +1 vampiric dagger (weapon)
 k - a +0 hunting sling
Missiles
 f - 7 poisoned darts (quivered)
 g - 37 stones
 m - 20 bolts
Armour
 b - a +0 scale mail (worn)
 c - a +0 buckler (worn)
Jewellery
 l - a ring of fire
Scrolls
 j - 2 scrolls of identify {unknown}
Potions
 d - a potion of might
 h - a potion of heal wounds {unknown}
 i - a potion of curing {unknown}


   Skills:
 + Level 4.4 Fighting
 - Level 2.0 Maces & Flails
 + Level 4.4 Armour
 - Level 3.2 Shields


You had 3 spell levels left.
You didn't know any spells.
Your spell library contained the following spells:

 Spells                   Type           Power      Damage    Failure   Level
 Summon Guardian Golem    Hex/Summ       0%         N/A       99%         3
 Orb of Destruction       Conj           0%         9d5       100%        7
 Spellforged Servitor     Conj/Summ      0%         N/A       100%        7


Dungeon Overview and Level Annotations

Branches:
Dungeon (3/15)

Altars:

Annotations:
D:3 Crazy Yiuf


Innate Abilities, Weirdness & Mutations

You are immune to sickness and miasma.
Your stone body is resilient. (AC +3)
You are immune to poison.
You resist negative energy. (rN+)
You are resistant to electric shocks. (rElec)
You are resistant to unholy torment.
You are immune to petrification.


Message History

Crazy Yiuf hits you with a +2 quarterstaff of chaos!
Crazy Yiuf hits you with a +2 quarterstaff of chaos.
You hit Crazy Yiuf but do no damage.
Crazy Yiuf is lightly wounded.
Crazy Yiuf misses you.
You closely miss Crazy Yiuf.
Crazy Yiuf is lightly wounded.
Crazy Yiuf hits you with a +2 quarterstaff of chaos!
Crazy Yiuf freezes you.
Crazy Yiuf hits you with a +2 quarterstaff of chaos.
* * * LOW HITPOINT WARNING * * *
Crazy Yiuf burns you.
* * * LOW HITPOINT WARNING * * *
Crazy Yiuf whimpers, "Fluff toodlewoodle ragdoll!"
Crazy Yiuf whimpers, "Citrus!
Hah tired turtle."
Crazy Yiuf hits you with a +2 quarterstaff of chaos.
* * * LOW HITPOINT WARNING * * *
Crazy Yiuf freezes you.
* * * LOW HITPOINT WARNING * * *
Crazy Yiuf laughs, "Action green bag!"
Crazy Yiuf barely misses you. You block Crazy Yiuf's attack.
Crazy Yiuf hits you but does no damage.
Crazy Yiuf says, "Fluff!
Powder bush aubergine."
Crazy Yiuf barely misses you.
Crazy Yiuf screams, "Shadow testudinal pizzabubble!"
Crazy Yiuf closely misses you.
You see here a +0 club.
Crazy Yiuf cries, "Scoff!"
Crazy Yiuf yells, "Defame!"
Crazy Yiuf hits you but does no damage.
There is a stone staircase leading down here.
You block Crazy Yiuf's attack.
You climb downwards.
You hear the sound of rushing water.
There is an entrance to a sewer on this level.
Hurry and find it before the portal rusts away!
There is a stone staircase leading up here.
You can't go down here!
Crazy Yiuf hits you with a +2 quarterstaff of chaos.
You die...

### ... #.. #.#
#.# #.# #@#
......g.......#
#######.####..#
#.# #.# ..# ###


You could see Crazy Yiuf (fast).

Vanquished Creatures
  An adder (D:2)
  A dart slug (D:1)
  5 endoplasms
  5 giant cockroaches
  2 goblins
  6 hobgoblins
  6 kobolds
  A quokka (D:1)
  4 ball pythons
  6 bats
  7 frilled lizards
  4 rats (D:1)
48 creatures vanquished.

Vanquished Creatures (others)
  3 plants (D:2)
3 creatures vanquished.

Grand Total: 51 creatures vanquished

Notes
Turn   | Place    | Note
-------+----------+-------------------------------------------
     0 | D:1      | Legadrian the Gargoyle Fighter began the quest for the Orb.
     0 | D:1      | Reached XP level 1. HP: 14/14 MP: 1/1
    65 | D:1      | Reached XP level 2. HP: 17/19 MP: 2/2
   464 | D:1      | Found a faded altar of an unknown god.
   680 | D:1      | Reached XP level 3. HP: 24/24 MP: 3/3
  1460 | D:2      | Found a runed translucent door.
  1461 | D:2      | Noticed Crazy Yiuf
  1619 | D:2      | Reached XP level 4. HP: 30/30 MP: 4/4
  1927 | D:3      | Slain by Crazy Yiuf

Illustrated notes

Levels and vault maps discovered:
D:1:      erik_arrival_cave_to_civilisation [erik_arrival_cave_to_hall],
          layout_basic, shapermc_ecumenical_altar_venn
D:2:      layout_rooms, serial_forest, infiniplex_forest_lined_3,
          infiniplex_forest_end_3, infiniplex_forest_lined_room_,
          infiniplex_forest_fountain, infiniplex_forest_end_3,
          infiniplex_forest_clump_double, infiniplex_forest_clump_cross,
          infiniplex_forest_end_double, kennysheep_flooded_box,
          serial_park_tiny_2, wad_floor_pattern_untrapped,
          uniq_crazy_yiuf_cottage
D:3:      layout_loops_ring, portal_sewer_entry_b, serial_glass,
          glass_columns_c, glass_columns_a, uniq_grinder, uniq_robin

Skill      XL: |  1  2  3 |
---------------+----------+-----
Fighting       | 4 |  4.4
Armour         | 4 |  4.4
Maces & Flails | |  2.0
Shields        | |  3.2

Action                   |  1- 3 |  4- 6 || total
-------------------------+-------+-------++-------
Melee: Flail             |    27 |       ||    27
       Dagger            |   129 |    17 ||   146
Armor: Scale mail        |    71 |     6 ||    77
Dodge: Dodged            |    68 |     8 ||    76
Block: Buckler           |    36 |     3 ||    39
